General information
- name: BNet
- type: Ladder team game (AT/RT)
- host: Battle.net
- saver: Iago
map: TheCrossroads
- players: 8
- length: 45:55
- speed: Fast
- version: 1.26 W3XP
- replay type: Public
» download(281 KB)
Players
team 1 (winner)
Iago (
green | 51 APM | 2346 actions | 45:55)
7 Archmage
3 Summon Water Elemental
3 Brilliance Aura
1 Mass Teleport
» actions
| Assign group hotkey | 117 | |
| Basic commands | 106 | |
| Build / train | 102 | |
| Enter build submenu | 79 | |
| Enter hero's abilities submenu | 7 | |
| Give item / drop item | 8 | |
| Right click | 841 | |
| Select / deselect | 670 | |
| Select group hotkey | 215 | |
| Use ability | 201 | |
2346 total
» units
| Peasant | 12 | |
| Footman | 4 | |
| Goblin Shredder | 1 | |
| Gryphon Rider | 8 | |
| Siege Engine | 4 | |
| Mortar Team | 2 | |
31 total
» upgrades
| Masonry | 3 | |
| Swords | 3 | |
| Armor | 3 | |
| Animal War Training | 1 | |
| Storm Hammers | 1 | |
| Cloud | 1 | |
| Gunpowder | 3 | |
| Plating | 2 | |
| Barrage | 1 | |
| Flare | 1 | |
| Fragmentation Shards | 1 | |
| Flak Cannons | 1 | |
21 total
» buildings
| Altar of Kings | 2 | |
| Barracks | 1 | |
| Farm | 16 | |
| Arcane Vault | 4 | |
| Keep | 3 | |
| Town Hall | 3 | |
| Scout Tower | 47 | |
| Lumber Mill | 2 | |
| Guard Tower | 13 | |
| Castle | 3 | |
| Gryphon Aviary | 4 | |
| Blacksmith | 2 | |
| Workshop | 5 | |
| Moon Well | 4 | |
109 total
» build order
00:39 Altar of Kings
00:41 Barracks
00:54 Farm
01:05 Farm
01:07 Farm
01:40 Farm
02:46 Arcane Vault
03:33 Keep
04:06 Town Hall
04:22 Scout Tower
04:25 Scout Tower
04:27 Scout Tower
04:29 Scout Tower
04:53 Lumber Mill
05:27 Farm
06:39 Guard Tower
06:44 Scout Tower
06:44 Scout Tower
06:45 Scout Tower
07:48 Castle
07:56 Guard Tower
08:20 Gryphon Aviary
08:20 Gryphon Aviary
08:22 Gryphon Aviary
08:47 Gryphon Aviary
08:49 Blacksmith
08:55 Blacksmith
14:36 Scout Tower
14:37 Scout Tower
14:37 Scout Tower
15:35 Guard Tower
15:40 Workshop
15:41 Workshop
15:49 Scout Tower
15:49 Scout Tower
15:50 Scout Tower
15:50 Scout Tower
16:26 Workshop
16:27 Workshop
16:27 Workshop
16:43 Guard Tower
16:50 Guard Tower
21:06 Scout Tower
21:07 Scout Tower
21:07 Scout Tower
21:07 Scout Tower
21:09 Lumber Mill
21:58 Guard Tower
22:03 Arcane Vault
22:06 Scout Tower
22:06 Scout Tower
22:06 Scout Tower
22:07 Scout Tower
22:08 Scout Tower
22:42 Guard Tower
25:19 Town Hall
25:24 Keep
27:05 Arcane Vault
29:19 Altar of Kings
30:37 Scout Tower
30:38 Scout Tower
30:38 Scout Tower
30:44 Castle
31:20 Guard Tower
31:24 Moon Well
31:24 Moon Well
31:25 Moon Well
31:26 Moon Well
32:09 Town Hall
32:17 Scout Tower
32:19 Scout Tower
32:19 Scout Tower
32:20 Scout Tower
32:21 Scout Tower
32:21 Scout Tower
32:22 Scout Tower
32:28 Arcane Vault
32:53 Guard Tower
33:21 Guard Tower
33:53 Guard Tower
35:36 Keep
35:45 Scout Tower
35:46 Scout Tower
35:46 Scout Tower
35:48 Scout Tower
35:48 Scout Tower
35:49 Scout Tower
35:50 Scout Tower
35:50 Scout Tower
35:53 Scout Tower
35:54 Scout Tower
36:52 Farm
36:53 Farm
36:53 Farm
36:55 Farm
36:57 Farm
36:57 Farm
36:58 Farm
36:58 Farm
36:59 Farm
36:59 Farm
37:01 Farm
37:05 Guard Tower
38:30 Castle
39:39 Guard Tower
» items
| Scroll of Regeneration | 5 | |
| Potion of Healing | 5 | |
| Scroll of Town Portal | 8 | |
| Healing Salve | 1 | |
| Mechanical Critter | 4 | |
23 total
moistbum (
yellow | 51 APM | 1532 actions | 29:57)
4 Warden
2 Shadow Strike
2 Blink
2 Priestess of the Moon
1 Trueshot Aura
1 Searing Arrows
» actions
| Assign group hotkey | 3 | |
| Basic commands | 44 | |
| Build / train | 77 | |
| Enter build submenu | 22 | |
| Enter hero's abilities submenu | 6 | |
| Give item / drop item | 1 | |
| Remove unit from queue | 4 | |
| Right click | 740 | |
| Select / deselect | 552 | |
| Select group hotkey | 19 | |
| Use ability | 64 | |
1532 total
» units
| Wisp | 23 | |
| Archer | 5 | |
| Hippogryph | 7 | |
| Druid of the Talon | 1 | |
| Chimaera | 13 | |
49 total
» upgrades
| Strength of the Wild | 3 | |
| Reinforced Hides | 2 | |
| Corrosive Breath | 1 | |
6 total
» buildings
| Moon Well | 8 | |
| Altar of Elders | 1 | |
| Ancient of War | 3 | |
| Ancient of Wonders | 1 | |
| Tree of Ages | 1 | |
| Hunter's Hall | 1 | |
| Tree of Life | 1 | |
| Tree of Eternity | 1 | |
| Ancient of Wind | 2 | |
| Chimaera Roost | 3 | |
22 total
» build order
00:11 Moon Well
00:13 Altar of Elders
00:30 Ancient of War
01:36 Ancient of War
01:48 Ancient of War
02:07 Moon Well
02:49 Ancient of Wonders
03:15 Tree of Ages
04:18 Hunter's Hall
05:26 Moon Well
05:57 Tree of Life
07:23 Tree of Eternity
07:52 Ancient of Wind
08:23 Moon Well
09:23 Moon Well
09:48 Chimaera Roost
09:49 Chimaera Roost
09:50 Chimaera Roost
10:20 Moon Well
10:34 Ancient of Wind
17:23 Moon Well
22:57 Moon Well
» items
| Dust of Appearance | 2 | |
| Potion of Healing | 4 | |
| Scroll of Town Portal | 3 | |
| Orb of Venom | 1 | |
10 total

»
derrick.rose (
teal | 56 APM | 1628 actions | 28:51)
5 Blademaster
2 Wind Walk
3 Critical Strike
1 Shadow Hunter
1 Hex
» actions
| Assign group hotkey | 41 | |
| Basic commands | 21 | |
| Build / train | 90 | |
| ESC pressed | 2 | |
| Enter build submenu | 26 | |
| Enter hero's abilities submenu | 6 | |
| Give item / drop item | 2 | |
| Right click | 672 | |
| Select / deselect | 370 | |
| Select group hotkey | 255 | |
| Use ability | 143 | |
1628 total
» units
| Peon | 10 | |
| Grunt | 8 | |
| Centaur Outrunner | 4 | |
| Harpy Rogue | 4 | |
| Demolisher | 2 | |
| Spirit Walker | 1 | |
| Tauren | 9 | |
| Shaman | 3 | |
41 total
» upgrades
| Berserker Strength | 1 | |
| Burning Oil | 1 | |
| Armor | 1 | |
| Reinforced Defenses | 1 | |
| Shaman Training | 2 | |
6 total
» buildings
| Orc Burrow | 7 | |
| Altar of Storms | 1 | |
| Barracks | 1 | |
| Voodoo Lounge | 1 | |
| Stronghold | 2 | |
| War Mill | 1 | |
| Fortress | 1 | |
| Spirit Lodge | 2 | |
| Tauren Totem | 3 | |
| Watch Tower | 3 | |
| Great Hall | 2 | |
24 total
» build order
00:16 Orc Burrow
00:19 Altar of Storms
00:35 Barracks
01:29 Orc Burrow
01:54 Voodoo Lounge
03:16 Stronghold
03:16 Stronghold
03:43 Orc Burrow
05:02 War Mill
05:21 Orc Burrow
06:17 Fortress
08:56 Spirit Lodge
08:59 Tauren Totem
09:25 Orc Burrow
13:02 Watch Tower
13:04 Watch Tower
13:51 Tauren Totem
14:19 Watch Tower
15:22 Spirit Lodge
16:31 Orc Burrow
16:43 Orc Burrow
22:12 Tauren Totem
23:04 Great Hall
27:50 Great Hall
» items
| Circlet of Nobility | 2 | |
| Boots of Speed | 5 | |
| Healing Salve | 2 | |
| Orb of Lightning | 1 | |
| Lesser Clarity Potion | 2 | |
| Scroll of Speed | 2 | |
| Staff of Teleportation | 1 | |
| Potion of Healing | 1 | |
| Potion of Mana | 1 | |
| Scroll of Town Portal | 2 | |
19 total

»
Whoshouldikill (
purple | 30 APM | 872 actions | 29:23)
4 Priestess of the Moon
3 Trueshot Aura
1 Scout
3 Keeper of the Grove
2 Entangling Roots
1 Thorns Aura
» actions
| Assign group hotkey | 15 | |
| Basic commands | 9 | |
| Build / train | 111 | |
| Enter build submenu | 24 | |
| Enter hero's abilities submenu | 7 | |
| Right click | 384 | |
| Select / deselect | 256 | |
| Select group hotkey | 9 | |
| Use ability | 57 | |
872 total
» units
| Wisp | 28 | |
| Archer | 16 | |
| Razormane Medicine Man | 1 | |
| Harpy Rogue | 1 | |
| Hippogryph | 15 | |
| Dryad | 7 | |
| Mountain Giant | 4 | |
| Chimaera | 5 | |
77 total
» upgrades
| Strength of the Moon | 1 | |
| Improved Bows | 1 | |
| Hippogryph Taming | 1 | |
| Abolish Magic | 1 | |
| Marksmanship | 1 | |
| Resistant Skin | 1 | |
| Hardened Skin | 1 | |
| Strength of the Wild | 1 | |
| Corrosive Breath | 1 | |
9 total
» buildings
| Altar of Elders | 1 | |
| Ancient of War | 1 | |
| Moon Well | 9 | |
| Hunter's Hall | 1 | |
| Tree of Ages | 1 | |
| Ancient of Wonders | 2 | |
| Tree of Life | 3 | |
| Ancient of Wind | 2 | |
| Ancient of Lore | 2 | |
| Tree of Eternity | 1 | |
| Chimaera Roost | 1 | |
| Ancient Protector | 2 | |
26 total
» build order
00:33 Altar of Elders
00:43 Ancient of War
00:52 Moon Well
02:04 Moon Well
03:06 Hunter's Hall
03:23 Moon Well
04:22 Tree of Ages
05:10 Moon Well
05:19 Moon Well
05:25 Ancient of Wonders
05:38 Ancient of Wonders
06:58 Tree of Life
07:12 Ancient of Wind
07:24 Ancient of Wind
08:57 Moon Well
09:30 Ancient of Lore
09:50 Ancient of Lore
09:58 Tree of Eternity
14:33 Chimaera Roost
16:51 Ancient Protector
17:12 Ancient Protector
19:42 Moon Well
21:03 Moon Well
24:59 Moon Well
25:06 Tree of Life
25:38 Tree of Life
» items
| Scroll of Town Portal | 5 | |
| Orb of Lightning | 1 | |
| Healing Salve | 2 | |
| Potion of Healing | 2 | |
| Orb of Venom | 1 | |
| Scroll of Regeneration | 1 | |
| Orb of Fire | 1 | |
13 total
team 2 (loser)
TheTroublesome2 (
red | 87 APM | 3974 actions | 45:54)
6 Archmage
3 Summon Water Elemental
2 Brilliance Aura
1 Mass Teleport
» actions
| Assign group hotkey | 148 | |
| Basic commands | 379 | |
| Build / train | 119 | |
| ESC pressed | 3 | |
| Enter build submenu | 56 | |
| Enter hero's abilities submenu | 6 | |
| Give item / drop item | 4 | |
| Right click | 1426 | |
| Select / deselect | 370 | |
| Select group hotkey | 1241 | |
| Use ability | 222 | |
3974 total
» units
| Peasant | 14 | |
| Footman | 4 | |
| Goblin Shredder | 1 | |
| Gryphon Rider | 5 | |
| Flying Machine | 6 | |
30 total
» upgrades
| Swords | 3 | |
| Masonry | 3 | |
| Armor | 3 | |
| Animal War Training | 1 | |
| Storm Hammers | 1 | |
| Cloud | 1 | |
| Magic Sentry | 1 | |
| Plating | 3 | |
| Gunpowder | 3 | |
| Flak Cannons | 1 | |
| Flying Machine Bombs | 1 | |
| Fragmentation Shards | 1 | |
22 total
» buildings
| Farm | 14 | |
| Altar of Kings | 1 | |
| Barracks | 1 | |
| Arcane Vault | 1 | |
| Blacksmith | 3 | |
| Keep | 4 | |
| Town Hall | 3 | |
| Scout Tower | 17 | |
| Castle | 1 | |
| Lumber Mill | 1 | |
| Guard Tower | 16 | |
| Gryphon Aviary | 5 | |
| Arcane Tower | 3 | |
| Arcane Sanctum | 1 | |
| Workshop | 4 | |
75 total
» build order
01:07 Farm
01:09 Altar of Kings
01:13 Farm
01:15 Barracks
02:35 Arcane Vault
02:50 Farm
02:57 Farm
03:12 Farm
04:04 Farm
04:07 Blacksmith
05:31 Keep
05:31 Keep
05:49 Town Hall
07:46 Scout Tower
07:47 Scout Tower
07:54 Castle
08:12 Farm
08:12 Farm
08:48 Blacksmith
08:48 Blacksmith
09:16 Scout Tower
09:18 Scout Tower
09:27 Lumber Mill
10:00 Guard Tower
10:00 Guard Tower
10:01 Guard Tower
10:08 Gryphon Aviary
10:09 Gryphon Aviary
10:10 Gryphon Aviary
10:12 Gryphon Aviary
10:16 Gryphon Aviary
11:02 Farm
11:04 Arcane Tower
11:05 Guard Tower
13:28 Scout Tower
13:29 Scout Tower
13:32 Arcane Sanctum
14:49 Arcane Tower
14:49 Arcane Tower
14:49 Guard Tower
14:50 Guard Tower
14:58 Workshop
16:12 Workshop
16:15 Workshop
16:16 Workshop
20:00 Farm
20:00 Farm
20:01 Farm
20:03 Scout Tower
20:04 Scout Tower
20:05 Scout Tower
20:12 Scout Tower
20:15 Scout Tower
20:16 Scout Tower
20:59 Guard Tower
20:59 Guard Tower
21:11 Farm
21:12 Farm
24:01 Scout Tower
24:03 Scout Tower
24:04 Scout Tower
24:05 Scout Tower
24:08 Scout Tower
26:33 Guard Tower
26:33 Guard Tower
27:56 Town Hall
29:28 Keep
37:51 Town Hall
» items
| Potion of Healing | 3 | |
| Scroll of Regeneration | 2 | |
| Lesser Clarity Potion | 1 | |
| Scroll of Town Portal | 5 | |
| Staff of Sanctuary | 1 | |
| Healing Salve | 1 | |
| Orb of Lightning | 1 | |
| Tiny Great Hall | 1 | |
| Potion of Lesser Invulnerability | 1 | |
| Staff of Teleportation | 1 | |
17 total
BIGDlCKBM (
orange | 53 APM | 2412 actions | 45:54)
6 Blademaster
2 Wind Walk
3 Critical Strike
1 Bladestorm
6 Tauren Chieftain
2 Endurance Aura
3 Shockwave
1 Reincarnation
» actions
| Assign group hotkey | 24 | |
| Basic commands | 24 | |
| Build / train | 122 | |
| Enter build submenu | 9 | |
| Enter hero's abilities submenu | 12 | |
| Give item / drop item | 2 | |
| Remove unit from queue | 5 | |
| Right click | 1307 | |
| Select / deselect | 397 | |
| Select group hotkey | 319 | |
| Use ability | 191 | |
2412 total
» units
| Peon | 8 | |
| Raider | 21 | |
| Troll Batrider | 45 | |
74 total
» upgrades
| Melee Weapons | 3 | |
| Pillage | 1 | |
| Ensnare | 2 | |
| Armor | 1 | |
| Liquid Fire | 1 | |
| Ranged Weapons | 2 | |
10 total
» buildings
| Altar of Storms | 1 | |
| Orc Burrow | 4 | |
| Voodoo Lounge | 1 | |
| Stronghold | 1 | |
| War Mill | 1 | |
| Beastiary | 2 | |
| Fortress | 1 | |
11 total
» build order
00:08 Altar of Storms
00:19 Orc Burrow
01:06 Voodoo Lounge
02:13 Stronghold
02:38 Orc Burrow
03:18 Orc Burrow
04:25 War Mill
04:37 Beastiary
04:41 Beastiary
04:48 Orc Burrow
08:38 Fortress
» items
| Healing Salve | 2 | |
| Lesser Clarity Potion | 2 | |
| Scroll of Speed | 1 | |
| Circlet of Nobility | 2 | |
| Orb of Lightning | 1 | |
| Orb of Fire | 1 | |
| Potion of Healing | 2 | |
| Potion of Mana | 4 | |
15 total
Doppelganger (
pink | 24 APM | 1042 actions | 43:24)
6 Archmage
3 Summon Water Elemental
1 Brilliance Aura
1 Blizzard
1 Mass Teleport
2 Blood Mage
1 Flame Strike
1 Banish
» actions
| Basic commands | 20 | |
| Build / train | 70 | |
| Enter build submenu | 25 | |
| Enter hero's abilities submenu | 8 | |
| Remove unit from queue | 2 | |
| Right click | 505 | |
| Select / deselect | 349 | |
| Use ability | 63 | |
1042 total
» units
| Peasant | 12 | |
| Footman | 2 | |
| Rifleman | 19 | |
| Mortar Team | 4 | |
| Siege Engine | 9 | |
46 total
» upgrades
| Gunpowder | 2 | |
| Armor | 1 | |
| Lumber Harvesting | 1 | |
| Barrage | 1 | |
5 total
» buildings
| Altar of Kings | 1 | |
| Farm | 11 | |
| Barracks | 2 | |
| Blacksmith | 1 | |
| Arcane Vault | 2 | |
| Keep | 1 | |
| Lumber Mill | 1 | |
| Workshop | 3 | |
| Town Hall | 3 | |
| Castle | 1 | |
26 total
» build order
00:06 Altar of Kings
00:25 Farm
00:42 Barracks
01:06 Farm
01:50 Farm
02:01 Blacksmith
02:50 Arcane Vault
03:27 Barracks
04:12 Farm
05:03 Keep
05:10 Farm
05:49 Lumber Mill
06:19 Farm
07:19 Farm
07:32 Workshop
07:37 Workshop
08:52 Workshop
09:00 Town Hall
09:58 Farm
10:01 Farm
12:53 Castle
21:34 Farm
21:36 Farm
27:03 Arcane Vault
27:15 Town Hall
36:28 Town Hall
» items
| Scroll of Regeneration | 1 | |
| Scroll of Town Portal | 1 | |
| Potion of Healing | 2 | |
4 total
kajtek (
blue | 66 APM | 2329 actions | 35:30)
6 Mountain King
3 Storm Bolt
2 Bash
1 Avatar
5 Paladin
2 Holy Light
1 Divine Shield
2 Devotion Aura
4 Archmage
2 Brilliance Aura
2 Blizzard
» actions
| Assign group hotkey | 68 | |
| Basic commands | 143 | |
| Build / train | 129 | |
| Enter build submenu | 20 | |
| Enter hero's abilities submenu | 15 | |
| Give item / drop item | 1 | |
| Remove unit from queue | 5 | |
| Right click | 870 | |
| Select / deselect | 431 | |
| Select group hotkey | 503 | |
| Use ability | 144 | |
2329 total
» units
| Peasant | 19 | |
| Footman | 11 | |
| Goblin Shredder | 1 | |
| Knight | 13 | |
| Priest | 7 | |
| Sorceress | 11 | |
62 total
» upgrades
| Masonry | 3 | |
| Swords | 3 | |
| Plating | 3 | |
| Lumber Harvesting | 2 | |
| Defend | 1 | |
| Animal War Training | 1 | |
| Priest Training | 2 | |
| Sorceress Training | 2 | |
17 total
» buildings
| Altar of Kings | 1 | |
| Farm | 18 | |
| Barracks | 3 | |
| Arcane Vault | 1 | |
| Town Hall | 1 | |
| Lumber Mill | 1 | |
| Keep | 1 | |
| Scout Tower | 5 | |
| Blacksmith | 1 | |
| Arcane Tower | 2 | |
| Guard Tower | 3 | |
| Castle | 1 | |
| Arcane Sanctum | 2 | |
40 total
» build order
00:38 Altar of Kings
00:41 Farm
01:12 Barracks
01:23 Farm
02:24 Arcane Vault
02:34 Farm
03:13 Farm
04:12 Farm
04:35 Town Hall
05:35 Lumber Mill
06:11 Keep
07:15 Scout Tower
07:15 Scout Tower
07:16 Scout Tower
07:25 Blacksmith
07:28 Barracks
07:39 Barracks
07:47 Arcane Tower
08:01 Farm
08:01 Farm
08:02 Farm
08:02 Farm
08:10 Guard Tower
08:44 Scout Tower
08:45 Scout Tower
09:57 Castle
10:12 Arcane Tower
10:14 Guard Tower
10:21 Guard Tower
10:55 Arcane Sanctum
13:16 Arcane Sanctum
13:23 Farm
13:23 Farm
13:23 Farm
13:23 Farm
13:24 Farm
» items
| Scroll of Regeneration | 5 | |
| Lesser Clarity Potion | 5 | |
| Orb of Fire | 1 | |
| Scroll of Town Portal | 3 | |
| Potion of Healing | 1 | |
15 total
Chat log
(00:06 / Allies) derrick.rose: wtf
(00:14 / Allies) moistbum: ?
(00:23 / Allies) derrick.rose: what kind of bullshit map is this
(00:27 / Allies) moistbum: lol
(00:36 / Allies) moistbum: noob map
(00:51 / All) Iago: this map was in circulation just a few years ago
(01:08 / All) derrick.rose: just a few years ago
(01:36 / All) Iago: maps only got updated twice since this was in circulation
(01:48 / All) derrick.rose: this was in circulation
(01:53 / All) Iago: yes
(02:02 / All) derrick.rose: yes?
(02:25 / All) Iago: your namesake is made of glass
(02:33 / All) derrick.rose: mvp
(02:35 / All) Iago: I bet you're a little pussy too
(02:47 / All) derrick.rose: a little pussy
(02:54 / All) derrick.rose: no chance
(02:57 / All) Iago: You're slow
(03:09 / All) derrick.rose: nah im 2big 2 fast
(03:13 / All) derrick.rose: 2 stronk
(03:24 / All) Iago: I mean you're daft
(03:38 / All) derrick.rose: ye daft punk is ok
(03:54 / All) Iago: that's that razor 85 IQ
(03:57 / All) Iago: wit
(04:12 / All) derrick.rose: if u sik wit it u will realize
(04:21 / Allies) moistbum: get out
(04:26 / Allies) moistbum: dont take my creeps
(04:32 / Allies) derrick.rose: u have the word moist
(04:35 / Allies) derrick.rose: in your name
(04:41 / Allies) derrick.rose: that is the worst word in english
(04:51 / Allies) moistbum: thats why its there lmao
(05:04 / Allies) derrick.rose: crazy
(05:28 / All) derrick.rose: yung money
(05:45 / All) Iago: teal is just a wigger but he's certainly as dumb as the average coon
(06:01 / All) derrick.rose: bottles on me long as sumone drink it
(06:39 / All) derrick.rose: wtf u doing
(06:41 / All) derrick.rose: on my fountain
(06:44 / All) derrick.rose: gtfo
(06:49 / All) kajtek: lol
(07:32 / All) derrick.rose: mmm foot men
(07:42 / All) TheTroublesome2: I forgot how gay blademasters are
(07:53 / All) derrick.rose: im your master
(08:00 / Allies) moistbum: terr
(08:04 / Allies) moistbum: terrible joke
(08:26 / All) derrick.rose: aw
(08:28 / All) TheTroublesome2: I own you bitch
(08:32 / All) TheTroublesome2: suck my dick
(08:34 / All) TheTroublesome2: I'm your master
(08:37 / All) TheTroublesome2: little pussyboy
(08:38 / All) derrick.rose: u sucked a potion
(08:38 / All) TheTroublesome2: cuntboy
(09:36 / All) derrick.rose: i can tell that money's got u workin
(09:51 / All) TheTroublesome2: I don't even know what that means
(09:58 / All) TheTroublesome2: I don't work with animals, someone translate
(10:05 / All) derrick.rose: all those other men wer practice for me
(10:24 / All) TheTroublesome2: are you brazilian or something?
(10:32 / All) derrick.rose: lol this raider cunt
(10:41 / All) TheTroublesome2: eat shit
(10:42 / Allies) derrick.rose: 3 here
(10:48 / Allies) derrick.rose: tp
(11:04 / Allies) derrick.rose: fast
(11:15 / Allies) derrick.rose: fast
(11:37 / All) TheTroublesome2: LOL
(11:39 / All) TheTroublesome2: raped
(11:53 / All) derrick.rose: nah
(11:59 / All) TheTroublesome2: I'm your master
(12:02 / All) TheTroublesome2: little pussyboy
(15:00 / All) Iago: nicue mh
(15:03 / All) Iago: Orange mhs
(15:05 / All) BIGDlCKBM: LOL
(15:22 / All) Iago: Fucking queer
(15:32 / All) Iago: misclicked pot too
(16:03 / Allies) Iago: tp
(16:03 / Allies) Iago: wtf
(16:16 / Allies) derrick.rose: b
(16:50 / Allies) Iago: lumbeR?
(17:00 / Allies) derrick.rose: wtf is with that many twoers green
(17:12 / Allies) Iago: because I know orange is gonna hit me
(17:22 / All) Iago: orange has mh
(17:28 / All) Iago: he sees me building towers and pings me
(17:33 / Allies) derrick.rose: tp
(17:40 / Allies) Iago: hellp?
(17:44 / Allies) derrick.rose: go
(19:46 / All) TheTroublesome2: orange mh
(19:54 / All) moistbum: lame
(20:13 / All) BIGDlCKBM: lmao
(20:15 / Allies) derrick.rose: need some air here
(20:19 / All) TheTroublesome2: mher
(20:58 / All) BIGDlCKBM: how do i mh lmao
(21:10 / All) BIGDlCKBM: wanna hear this logic
(21:16 / All) TheTroublesome2: you always know
(21:17 / All) Iago: You went right for my air top base
(21:17 / All) TheTroublesome2: just where to hit
(21:18 / All) Iago: with bats
(21:34 / All) Iago: then rushed for my base
(21:34 / All) BIGDlCKBM: because i had bats?
(21:39 / All) Iago: I am north
(21:41 / All) BIGDlCKBM: which means lets hit a fucking base lol
(21:43 / All) Iago: youy went the total opposite sid
(21:48 / All) BIGDlCKBM: oh look
(21:51 / All) BIGDlCKBM: my mh found u again
(21:59 / All) BIGDlCKBM: blaming me for sitting in middle of map
(22:02 / All) BIGDlCKBM: LOL
(22:20 / All) TheTroublesome2: mh has to lose
(22:31 / All) BIGDlCKBM: i mean hitting the nearest base after winning a fight wouldnt be the smartest choice either right
(22:51 / All) BIGDlCKBM: idk whos more retarded green or red
(22:57 / All) kajtek: red?
(23:09 / All) Iago: I bet I watch replay you go straight for my air
(23:12 / All) Iago: With no scouting
(23:19 / All) Iago: LAWL
(23:20 / All) BIGDlCKBM: k
(23:21 / All) Iago: nice pink
(23:22 / All) BIGDlCKBM: watch it
(23:33 / All) Iago: Don't pretend you don't mh
(23:47 / All) BIGDlCKBM: dont have to pretend
(23:55 / All) BIGDlCKBM: if u think i mh
(24:02 / All) BIGDlCKBM: then ur just stating that im better than u lol
(24:08 / Allies) derrick.rose: all group
(24:45 / All) TheTroublesome2: I'm your master teal
(24:51 / All) derrick.rose: nah
(25:00 / All) TheTroublesome2: yep
(25:03 / All) kajtek: lol
(25:06 / All) derrick.rose: noob gryf lol
(25:08 / All) TheTroublesome2: I'm raping your ass
(25:16 / All) derrick.rose: ure attackin buildings Lol
(25:19 / All) TheTroublesome2: you're mine
(25:21 / All) TheTroublesome2: I own you
(25:48 / Allies) Whoshouldikill: GREEN WHAT THE FUCK
(26:36 / Allies) derrick.rose: green gold me
(26:37 / Allies) derrick.rose: to rebuild
(27:09 / Allies) derrick.rose: green.. himme
(27:11 / Allies) derrick.rose: 300
(27:15 / Allies) derrick.rose: ure sittin at 6k lol
(27:16 / Allies) derrick.rose: wtf
(27:33 / Allies) Iago: reallly purple
(27:39 / Allies) derrick.rose: 300 gold here
(27:40 / Allies) derrick.rose: wtf
(27:41 / Allies) derrick.rose: sum1
(27:44 / All) moistbum: faggot mh
(27:50 / Allies) Whoshouldikill: YEAH U ASS U TOOK MY FUCKING MINE
(27:50 / Allies) derrick.rose: ty
(27:55 / Allies) Iago: How is that your mine
(28:00 / All) TheTroublesome2: LOL
(28:03 / All) TheTroublesome2: you saying I mh now?
(28:05 / Allies) Whoshouldikill: I CLEARED IT ALONE ASSHOLE
(28:07 / All) moistbum: nah b
(28:09 / All) moistbum: oj
(28:12 / All) BIGDlCKBM: LOL
(28:22 / All) BIGDlCKBM: where was the mh
(28:25 / All) BIGDlCKBM: i missed it
(28:49 / Allies) derrick.rose: omg
(28:50 / Allies) derrick.rose: u 2
(28:51 / Allies) Iago: you're such a piece of shit
(28:53 / Allies) Iago: You could ahve said
(28:57 / Allies) Iago: "I cleared it cancel"
(28:59 / Allies) Iago: and I would have
(29:07 / All) Iago: Orange you mh look at you
(29:19 / All) Whoshouldikill: i TOLD U TO STOP WHEN U FIRST STARTED U DUMB ASS INBRED
(29:29 / All) BIGDlCKBM: what am i looking at lol
(29:33 / All) BIGDlCKBM: u sucking dick?
(30:09 / All) TheTroublesome2: mh
(30:13 / All) BIGDlCKBM: so 3 people call me mh
(30:14 / All) TheTroublesome2: eat shit
(30:18 / All) BIGDlCKBM: thanks gues that means im pro
(30:47 / All) kajtek: red really?
(30:55 / All) BIGDlCKBM: so at start ill just say 1 of his allies are hacking
(31:00 / All) BIGDlCKBM: lol get a free win
(31:23 / All) BIGDlCKBM: hey green wheres ya alliess
(34:12 / All) kajtek: wow
(34:31 / All) TheTroublesome2: "im def writing ue name down'"
(34:41 / All) Iago: orange why would you go straight for my base once I start towring like mad
(34:46 / All) Iago: you made a mad dash for it
(34:54 / All) Iago: and you found my air in the wilderness going straight for it
(34:56 / All) BIGDlCKBM: because we won a fight
(35:00 / All) Iago: instantly combusting
(35:01 / All) BIGDlCKBM: and ur base was the closesst
(35:07 / All) Iago: There was no fight
(35:10 / All) BIGDlCKBM: u already had mass towers
(35:10 / All) Iago: There was my air in the wilderness
(35:15 / All) Iago: You bats me'd
(35:17 / All) BIGDlCKBM: whcih i ran past
(35:18 / All) Iago: You mh
(35:21 / All) BIGDlCKBM: saw it and killed it
(35:21 / All) Iago: Stop lying fucking faggot
(35:23 / All) kajtek: gg noobs especially red
(35:27 / All) BIGDlCKBM: isnt that how this game works?
(35:32 / All) BIGDlCKBM: or am i doing it wrong?
(35:40 / All) Iago: You are an overt mher
(35:41 / All) BIGDlCKBM: should i sit in base
(35:42 / All) Iago: Why deny it
(35:51 / All) BIGDlCKBM: youre braindead
(35:55 / All) BIGDlCKBM: if u think i maphack lol
(35:57 / All) Iago: You're an obvious mher
(36:02 / All) Iago: That's what they all say retardo
(36:10 / All) BIGDlCKBM: LOL
(36:18 / All) BIGDlCKBM: so how many creep jacks did i have this game?
(36:23 / All) BIGDlCKBM: pretty sure my bm had 0 xp
(36:27 / All) BIGDlCKBM: first 10 min
(36:51 / All) BIGDlCKBM: guess i wasted money on reveals aswell since ya know i can see the whole map
(37:36 / All) BIGDlCKBM: u think i actually care that red was retarded enough to believe u lol
(37:46 / All) BIGDlCKBM: i can alwayss just make another acount like this
(37:52 / All) BIGDlCKBM: and tk both of u for fun LOL
(38:01 / All) TheTroublesome2: you couldn't if you tried LOL
(38:14 / All) BIGDlCKBM: rightttttttttt
(38:19 / All) BIGDlCKBM: red thinks hes some god lol
(38:27 / All) Iago: he raped you pretty good
(38:29 / All) BIGDlCKBM: he had to kill my base after i fought an army
(38:48 / All) BIGDlCKBM: took forever just to kill my 2 heros lol
(38:56 / All) Iago: Wow you can run with a bm
(39:01 / All) Iago: on a map with no shop
(39:03 / All) Iago: congrats retardo
(39:07 / All) BIGDlCKBM: he has
(39:14 / All) BIGDlCKBM: lvl 6 am tp idiot
(39:17 / All) BIGDlCKBM: and no shop?
(39:18 / All) Iago: Did he have it all game?
(39:21 / All) Iago: he started with level 6?
(39:24 / All) BIGDlCKBM: u must be fucking retarded lol
(39:30 / All) BIGDlCKBM: LOL
(39:40 / All) BIGDlCKBM: he didnt start tking till we fought at ur base
(39:50 / All) Iago: Whatever
(39:52 / All) Iago: Hacker down
(39:53 / All) Iago: :)
(39:59 / All) BIGDlCKBM: post on wcr
(40:06 / All) BIGDlCKBM: so every1 can laugh at u 2 retards
(40:13 / All) Iago: What autismo are you there
(40:14 / All) BIGDlCKBM: this is what the games come to
(40:21 / All) BIGDlCKBM: legit players getting called hackers
(40:26 / All) Iago: LOL
(40:30 / All) BIGDlCKBM: when something doesnt go some1 elses way
(40:33 / All) Iago: yeah you just chased down my air
(40:36 / All) Iago: From clear across the map
(40:45 / All) BIGDlCKBM: i chased ur air down?
(40:46 / All) Iago: Then went for my base once I started plopping down towers
(40:48 / All) Iago: and called you a hacker
(40:49 / All) Iago: Yeah yeah
(40:53 / All) Iago: You're full of shit
(40:55 / All) Iago: Enjoy the loss
(40:57 / All) BIGDlCKBM: o
(41:02 / All) Iago: Yeah you went straight for it
(41:03 / All) BIGDlCKBM: but u already had 6 towers at base
(41:06 / All) BIGDlCKBM: i mean
(41:12 / All) Iago: How lucky you just chanced upon it clear across the map!
(41:17 / All) BIGDlCKBM: but no lets let u rebuild
(41:31 / All) BIGDlCKBM: i had raider and bats
(41:42 / All) BIGDlCKBM: i was going to kill yellow expo or main
(41:49 / All) BIGDlCKBM: because ur expo had mass towers
(41:53 / All) BIGDlCKBM: ran into u
(41:57 / All) BIGDlCKBM: at shop standing their
(42:00 / All) Iago: I believe you
(42:05 / All) BIGDlCKBM: but that never happens
(42:08 / All) BIGDlCKBM: in warcraft
(42:12 / All) Iago: It's not like map hack is prevalent on bnet
(42:23 / All) BIGDlCKBM: because ur suppose to stay in base all game
(42:29 / All) BIGDlCKBM: get 100 food let everyone build
(42:29 / All) TheTroublesome2: oh
(42:33 / All) BIGDlCKBM: then every1 fights in mid
(42:34 / All) TheTroublesome2: just my time left
(42:55 / All) BIGDlCKBM: and whoever wins the fight at mid are the hackers
(42:58 / All) BIGDlCKBM: am i right?
(43:08 / All) BIGDlCKBM: warcraft 2015 logic
(43:28 / All) Iago: If your path is organic when I check replay then I apologize
(43:32 / All) Iago: But I'm pretty sure you're a liar
(43:38 / All) BIGDlCKBM: k
(43:39 / All) Iago: and went straight for my air
(43:41 / All) BIGDlCKBM: watch
(43:49 / All) BIGDlCKBM: wasnt straight ull see
(43:52 / All) BIGDlCKBM: i ran to left
(43:56 / All) BIGDlCKBM: going to yellows base
(44:05 / All) BIGDlCKBM: spotted ur army in vision at shop
(44:22 / All) BIGDlCKBM: u literally lost everything
(44:27 / All) BIGDlCKBM: so y would i hit ur base
(44:35 / All) BIGDlCKBM: which was the closest to our army
(44:58 / All) BIGDlCKBM: had nothing to do with u building 3 towers lol
(45:09 / All) Iago: I was building more than that
(45:10 / All) BIGDlCKBM: those 3 towers wouldnt have changed anything
(45:15 / All) BIGDlCKBM: our army was bigger than urs
(45:17 / All) Iago: I was about to spam towers
(45:28 / All) BIGDlCKBM: i only killed 3 that were building
(45:31 / All) Iago: Teal just pinged my base 10 seconds before you attacked
(45:33 / All) Iago: "why all the towers"
(45:34 / All) BIGDlCKBM: the other 6 were already built
(45:35 / All) Iago: lol